 Dungeon Crawl Stone Soup version 0.22.1-6-g1668fe2c40 (webtiles) character file.

62895 LabCoat the Severer (level 15, -16/137 HPs)
             Began as a Hill Orc Fighter on Jan 27, 2019.
             Was a High Priest of Trog.
             Demolished by Snorg (20 damage)
             ... on level 12 of the Dungeon.
             The game lasted 02:17:21 (21276 turns).

LabCoat the Severer (Hill Orc Fighter)             Turns: 21276, Time: 02:17:23

Health: -16/137    AC: 23    Str: 24    XL:     15   Next: 7%
Magic:  16/16      EV:  7    Int: 10    God:    Trog [*****.]
Gold:   1121       SH: 13    Dex: 15    Spells: 14/14 levels left

rFire    . . .     SeeInvis +   G - +2 flail of the Onslaught {crush, rN+ Dex+5 SInv}
rCold    + + +     Gourm    .   c - +0 shield
rNeg     + + .     Faith    .   h - +6 plate armour {rPois}
rPois    +         Spirit   .   t - +0 helmet
rElec    .         Reflect  .   F - scarf {rC+ rF+}
rCorr    +         Harm     .   (no gloves)
MR       +++..                  (no boots)
Stlth    ..........             J - amulet of Fobbegos {rC+ rN+ Regen+ Int+2 Dex-2}
HPRegen  1.72/turn              p - ring of resist corrosion
MPRegen  0.15/turn              x - ring of ice

@: about to teleport, regenerating
A: no striking features
a: Berserk, Trog's Hand, Brothers in Arms, Renounce Religion


You were on level 12 of the Dungeon.
You worshipped Trog.
Trog was extremely pleased with you.
You were not hungry.

You visited 2 branches of the dungeon, and saw 18 of its levels.

You collected 2550 gold pieces.
You spent 1429 gold pieces at shops.

Inventory:

Hand Weapons
 k - a +0 hunting sling
 C - the +8 war axe "Hint" {protect, rElec rF+ rC- Dex+4}
   (You bought it in a shop on level 4 of the Dungeon)

   It protects the one who uses it against injury (+AC on strike).
   It affects your dexterity (+4).
   It protects you from fire.
   It makes you vulnerable to cold.
   It insulates you from electricity.
 G - the +2 flail of the Onslaught (weapon) {crush, rN+ Dex+5 SInv}
   (You bought it in a shop on level 4 of the Dungeon)

   It inflicts extra damage upon your enemies.
   It affects your dexterity (+5).
   It protects you from negative energy.
   It lets you see invisible.
 Z - a +4 antimagic broad axe
Missiles
 i - 98 sling bullets
 T - 2 steel tomahawks (quivered)
 X - 11 tomahawks
Armour
 a - the -3 shield "Viqiel" {rElec rPois rC- Dex+4}
   (You acquired it on level 10 of the Dungeon)

   It affects your dexterity (+4).
   It makes you vulnerable to cold.
   It insulates you from electricity.
   It protects you from poison.
 c - a +0 shield (worn)
 h - a +6 plate armour of poison resistance (worn)
 n - +0 ice dragon scales
 t - a +0 helmet (worn)
 v - a scarf of repulsion
 F - a scarf of resistance (worn)
Magical Staves
 D - an uncursed staff of fire {unknown}
Jewellery
 b - an uncursed ring of protection from magic
 g - a +1 ring of evasion
 j - an uncursed ring of wizardry
 o - an uncursed amulet of rage
 p - a ring of resist corrosion (left hand)
 s - an uncursed ring of protection from fire
 x - a ring of ice (right hand)
 J - the amulet of Fobbegos (around neck) {rC+ rN+ Regen+ Int+2 Dex-2}
   (You acquired it on level 5 of the Lair of Beasts)

   [amulet of regeneration]

   It affects your intelligence (+2).
   It affects your dexterity (-2).
   It protects you from cold.
   It protects you from negative energy.
   It increases your rate of regeneration.
 U - an uncursed ring of flight
 Y - an uncursed ring of fire
Wands
 z - a wand of paralysis (11)
 E - a wand of iceblast (2)
 S - a wand of flame (26)
Scrolls
 y - 7 scrolls of teleportation
 A - 7 scrolls of remove curse
 H - 3 scrolls of magic mapping
 N - a scroll of amnesia
 P - a scroll of identify
Potions
 d - 3 potions of resistance
 e - 6 potions of flight
 l - 4 potions of ambrosia
 m - 2 potions of berserk rage
 q - a potion of invisibility {unknown}
 r - 2 potions of degeneration {unknown}
 u - 2 potions of might
 w - a potion of brilliance {unknown}
 B - a potion of haste
 I - 3 potions of lignification {unknown}
 K - a potion of cancellation {unknown}
 L - a potion of magic {unknown}
 M - a potion of curing
 Q - a potion of agility {unknown}
Miscellaneous
 V - a fan of gales
Comestibles
 f - 19 rations
 O - 15 chunks of flesh


   Skills:
 + Level 13.8 Fighting
 - Level 17.8(19.0) Axes
 + Level 10.5(14.1) Maces & Flails
 - Level 1.3(3.4) Slings
 + Level 5.0(5.1) Throwing
 + Level 12.1 Armour
 * Level 11.5 Shields
 + Level 2.0 Evocations


You had 14 spell levels left.
You didn't know any spells.
Your spell library contained the following spells:

 Spells                   Type           Power        Failure   Level  Hunger
 Animate Skeleton         Necr           N/A          99%         1    ##.....
 Beastly Appendage        Tmut           #.....       99%         1    ##.....
 Freeze                   Ice            #...         99%         1    ##.....
 Magic Dart               Conj           #...         99%         1    ##.....
 Pain                     Necr           #...         99%         1    ##.....
 Summon Butterflies       Summ           #.......     99%         1    ##.....
 Blink                    Tloc           N/A          100%        2    ###....
 Call Imp                 Summ           #.......     100%        2    ###....
 Slow                     Hex            #.......     100%        2    ###....
 Sticks to Snakes         Tmut           #.......     100%        2    ###....
 Throw Frost              Conj/Ice       #.....       100%        2    ###....
 Call Canine Familiar     Summ           #.......     100%        3    ####...
 Conjure Flame            Conj/Fire      #.......     100%        3    ####...
 Mephitic Cloud           Conj/Pois/Air  #.......     100%        3    ####...
 Ozocubu's Armour         Chrm/Ice       #.......     100%        3    ####...
 Regeneration             Chrm/Necr      #.........   100%        3    ####...
 Spider Form              Tmut/Pois      #.........   100%        3    ####...
 Vampiric Draining        Necr           #.........   100%        3    ####...
 Animate Dead             Necr           N/A          100%        4    #####..
 Ice Form                 Ice/Tmut       #.......     100%        4    #####..
 Summon Ice Beast         Ice/Summ       #.......     100%        4    #####..
 Summon Lightning Spire   Summ/Air       #.......     100%        4    #####..
 Throw Icicle             Conj/Ice       #.......     100%        4    #####..
 Blade Hands              Tmut           #.........   100%        5    ######.
 Silence                  Hex/Air        #.........   100%        5    ######.
 Summon Mana Viper        Hex/Summ       #.......     100%        5    ######.
 Conjure Ball Lightning   Conj/Air       #.........   100%        6    #######
 Deflect Missiles         Chrm/Air       #.........   100%        6    #######
 Summon Hydra             Summ           #.........   100%        7    #######
 Tornado                  Air            #.........   100%        9    #######


Dungeon Overview and Level Annotations

Branches:
Dungeon (12/15)            Temple (0/1) D:5            Lair (6/6) D:11
  Swamp (0/4) Lair:4        Snake (0/4) Lair:2        Slime (0/5) Lair:6
    Orc (0/2) D:12

Altars:
Ashenzari
Elyvilon
Fedhas
Hepliaklqana
Kikubaaqudgha
Ru
Trog
Uskayaw
Vehumet
Wu Jian
Xom
Yredelemnul
The Shining One
Jiyva

Shops:
D:4 =[}(*   D:5 [   D:6 %   D:12 :[%:

Annotations:
D:12 3 runed doors, Snorg
Lair:1 exclusion: oklob plant


Message History

* * * LOW HITPOINT WARNING * * *
Snorg bites you.
* * * LOW HITPOINT WARNING * * *
Snorg claws you but does no damage. Snorg claws you.
* * * LOW HITPOINT WARNING * * *
Okay, then.
As you read the scroll of fear, it crumbles to dust.
You assume a fearsome visage.
Snorg bites you but does no damage. You block Snorg's attack.
Snorg barely misses you.
You feel better. Snorg bites you but does no damage. Snorg barely misses you.
You block Snorg's attack. x2; Snorg claws you!
* * * LOW HITPOINT WARNING * * *
Snorg closely misses you.
As you read the scroll of teleportation, it crumbles to dust.
You feel strangely unstable. Snorg bites you!
* * * LOW HITPOINT WARNING * * *
Snorg claws you.
* * * LOW HITPOINT WARNING * * *
Snorg barely misses you. Snorg bites you!!
You die...

...........................
.................###...
...............## ##..
###.......≈...# #..
##.....≈≈≈..# ##..
#......≈....###... .
##.................
....###..................
.......T@)...............
.........................
.........................
#................ .......
##....).......... ......≈
##.............. .....≈≈
##............. ......≈
##........... .......
.......


You could see Snorg (berserk).

Vanquished Creatures
  2 entropy weavers (Lair:5)
  Erolcha (D:10)
  5 hydras
  An ice dragon (Lair:4)
  2 two-headed ogres (D:12)
  A queen ant (Lair:5)
  4 death yaks (Lair:6)
  An orc knight (D:12)
  A necromancer (Lair:4)
  2 oklob plants (Lair:4)
  14 elephants (Lair:6)
  3 black mambas
  Joseph (D:10)
  A torpor snail (Lair:5)
  3 centaur skeletons (D:11)
  12 spiny frogs
  A kobold demonologist (D:11)
  5 rime drakes
  8 komodo dragons
  A queen bee (D:10)
  6 polar bears
  4 trolls
  2 hornets (Lair:6)
  2 tyrant leeches (Lair:4)
  9 hippogriffs
  8 dream sheep
  5 blink frogs (Lair:6)
  A wyvern (Lair:4)
  7 basilisks
  A shadow (D:12)
  10 spriggans (Lair:6)
  61 yaks
  A hungry ghost (D:12)
  Menkaure (D:5)
  A naga (Lair:2)
  6 soldier ants
  16 water moccasins
  2 acid dragons (D:12)
  A swamp worm (Lair:4)
  6 porcupines
  An eye of draining (D:9)
  6 orc warriors
  An ice beast (D:10)
  2 phantoms
  6 black bears
  4 sky beasts
  3 elephant zombies (Lair:4)
  6 ogres
  A necrophage (D:8)
  17 wolves
  5 boggarts (Lair:6)
  7 centaurs
  14 crocodiles
  2 gnoll sergeants
  20 bullfrogs
  2 big kobolds
  6 scorpions
  A water moccasin skeleton (D:6)
  2 wyvern skeletons (D:6)
  12 wights
  18 killer bees (D:10)
  3 electric eels
  3 howler monkeys
  9 crimson imps
  2 bullfrog zombies
  A basilisk zombie (Lair:4)
  A quasit (D:10)
  3 bullfrog skeletons
  7 hounds
  10 orc priests
  A gnoll shaman (D:8)
  2 jellies
  7 orc wizards
  Crazy Yiuf (D:2)
  3 iguanas
  Natasha (thrice) (D:2)
  12 worker ants
  3 hound skeletons
  A worker ant zombie (D:10)
  11 gnolls
  14 adders
  3 shadow imps
  An ooze (D:7)
  An adder skeleton (D:6)
  An adder zombie (D:5)
  A worm (D:2)
  2 dart slugs
  7 leopard geckos
  60 orcs
  5 giant cockroaches
  2 goblins
  5 hobgoblins
  13 jackals
  6 quokkas
  2 ball pythons
  4 bats
  A frilled lizard (D:3)
  2 gnoll zombies (D:4)
  20 kobolds
  A leopard gecko zombie (D:6)
  A quokka zombie (D:7)
  30 rats
  A fungus (Lair:4)
  8 plants
629 creatures vanquished.

Vanquished Creatures (collateral kills)
  A catoblepas (Lair:6)
  2 death yaks (Lair:6)
  A polar bear (Lair:6)
  A hornet (Lair:6)
  2 spriggans (Lair:6)
  4 wolves (Lair:6)
  A centaur skeleton (D:7)
12 creatures vanquished.

Vanquished Creatures (others)
  3 bushes (D:11)
  29 fungi
  30 plants
62 creatures vanquished.

Grand Total: 703 creatures vanquished

Notes
Turn   | Place    | Note
-------+----------+-------------------------------------------
     0 | D:1      | LabCoat the Hill Orc Fighter began the quest for the Orb.
     0 | D:1      | Reached XP level 1. HP: 19/19 MP: 1/1
   515 | D:1      | Reached XP level 2. HP: 27/27 MP: 2/2
   704 | D:1      | Reached skill level 3 in Axes
   962 | D:1      | Reached XP level 3. HP: 30/33 MP: 3/3
  1575 | D:2      | Reached skill level 4 in Axes
  1601 | D:2      | Noticed Natasha
  1622 | D:2      | Killed Natasha
  1622 | D:2      | Reached XP level 4. HP: 14/40 MP: 4/4
  1634 | D:2      | Noticed Natasha
  1642 | D:2      | Found a bloodstained altar of Trog.
  1651 | D:2      | Killed Natasha
  1652 | D:2      | Became a worshipper of Trog the Wrathful
  1962 | D:2      | Found a runed door.
  1966 | D:2      | Noticed Crazy Yiuf
  1971 | D:2      | Killed Crazy Yiuf
  1971 | D:2      | Reached XP level 5. HP: 45/46 MP: 5/5
  2134 | D:2      | Found a shattered altar of Ashenzari.
  2150 | D:2      | Noticed Natasha
  2162 | D:2      | Found a hide-covered altar of Uskayaw.
  2166 | D:2      | Found a hazy altar of Hepliaklqana.
  2169 | D:2      | Found a white marble altar of Elyvilon.
  2366 | D:2      | Killed Natasha
  2366 | D:2      | Reached skill level 5 in Axes
  2744 | D:3      | Found a blossoming altar of Fedhas.
  2831 | D:3      | Found a glowing golden altar of the Shining One.
  2864 | D:3      | Reached XP level 6. HP: 52/53 MP: 6/6
  3053 | D:3      | Reached * piety under Trog
  3250 | D:3      | Reached skill level 6 in Axes
  3450 | D:4      | Found a basalt altar of Yredelemnul.
  3497 | D:4      | Noticed a phantom
  3531 | D:4      | Killed a phantom
  3647 | D:4      | Reached XP level 7. HP: 19/60 MP: 7/7
  3897 | D:4      | Reached skill level 5 in Fighting
  3972 | D:4      | Found a sacrificial altar of Ru.
  4053 | D:4      | Reached skill level 7 in Axes
  4190 | D:4      | Found Ususiofedgh's Gadget Shop.
  4309 | D:4      | Found Igienn's Antique Weapon Shop.
  4321 | D:4      | Found Xeydoal's General Store.
  4364 | D:4      | Found Qaedwublui's Armour Boutique.
  4495 | D:4      | Found Ytzisanyl's Jewellery Shop.
  4500 | D:4      | Bought a +1 ring of evasion for 30 gold pieces
  4724 | D:5      | Entered Level 5 of the Dungeon
  4740 | D:5      | Found Arrecwa's Antique Armour Emporium.
  4746 | D:5      | Reached skill level 1 in Slings
  4777 | D:5      | Noticed Menkaure
  4787 | D:5      | Killed Menkaure
  4787 | D:5      | Reached skill level 5 in Armour
  5062 | D:5      | Found a radiant altar of Vehumet.
  5170 | D:5      | Reached ** piety under Trog
  5296 | D:5      | Reached skill level 8 in Axes
  5296 | D:5      | Reached skill level 1 in Throwing
  5296 | D:5      | Reached XP level 8. HP: 51/69 MP: 8/8
  5449 | D:5      | Found a staircase to the Ecumenical Temple.
  6112 | D:4      | Bought a +2 plate armour of poison resistance for 370 gold
                  | pieces
  6112 | D:4      | Bought a scroll of identify for 20 gold pieces
  6358 | D:6      | Found Vioxtah's Food Shop.
  6384 | D:6      | Reached skill level 5 in Shields
  6546 | D:6      | Reached skill level 9 in Axes
  7145 | D:7      | Found a shattered altar of Ashenzari.
  7409 | D:7      | Found an ornate altar of the Wu Jian Council.
  7524 | D:7      | Reached skill level 10 in Axes
  7524 | D:7      | Reached XP level 9. HP: 73/78 MP: 9/9
  7678 | D:7      | Identified a scroll of acquirement
  7892 | D:4      | Bought an uncursed ring of protection from magic for 250
                  | gold pieces
  7918 | D:4      | Bought a crystal war axe for 263 gold pieces
  7918 | D:4      | Bought a brightly glowing flail for 263 gold pieces
  7920 | D:4      | Identified the +8 war axe "Hint" {protect, rElec rF+ rC-
                  | Dex+4} (You bought it in a shop on level 4 of the Dungeon)
  7921 | D:4      | Identified the +2 flail of the Onslaught {crush, rN+ Dex+5
                  | SInv} (You bought it in a shop on level 4 of the Dungeon)
  8022 | D:6      | Bought a ration for 65 gold pieces
  8434 | D:8      | Reached *** piety under Trog
  8726 | D:8      | Reached skill level 11 in Axes
  9140 | D:9      | You fall through a shaft!
  9140 | D:10     | Entered Level 10 of the Dungeon
  9179 | D:10     | Noticed a troll
  9197 | D:10     | Killed a troll
  9197 | D:10     | Reached skill level 12 in Axes
  9197 | D:10     | Reached XP level 10. HP: 67/88 MP: 10/10
  9262 | D:10     | Reached **** piety under Trog
  9343 | D:10     | Noticed Erolcha
  9371 | D:10     | Reached skill level 13 in Axes
  9518 | D:9      | Reached skill level 14 in Axes
  9710 | D:9      | Found an ancient bone altar of Kikubaaqudgha.
  9910 | D:9      | Reached ***** piety under Trog
 10048 | D:9      | Reached XP level 11. HP: 95/95 MP: 11/11
 10190 | D:9      | Found a shimmering altar of Xom.
 10439 | D:10     | Noticed Joseph
 10473 | D:10     | Killed Joseph
 10503 | D:10     | Killed Erolcha
 10532 | D:10     | Reached skill level 15 in Axes
 10886 | D:10     | Got a smoking shield
 10897 | D:10     | Identified the -3 shield "Viqiel" {rElec rPois rC- Dex+4}
                  | (You acquired it on level 10 of the Dungeon)
 11225 | D:11     | Received a gift from Trog
 11495 | D:11     | Reached skill level 16 in Axes
 11514 | D:11     | Found a staircase to the Lair.
 11850 | D:11     | Reached skill level 10 in Fighting
 11855 | D:11     | Reached XP level 12. HP: 106/106 MP: 12/12
 12023 | Lair:1   | Entered Level 1 of the Lair of Beasts
 12067 | Lair:1   | Received a gift from Trog
 12067 | Lair:1   | Reached skill level 17 in Axes
 12226 | Lair:1   | Reached skill level 1 in Maces & Flails
 13592 | Lair:2   | Noticed a five-headed hydra
 13603 | Lair:2   | Killed a five-headed hydra
 13739 | Lair:2   | Found a staircase to the Snake Pit.
 14812 | Lair:3   | Noticed a six-headed hydra
 14821 | Lair:3   | Killed a six-headed hydra
 14821 | Lair:3   | Reached XP level 13. HP: 37/116 MP: 13/13
 15536 | Lair:4   | Received a gift from Trog
 15539 | Lair:4   | Reached skill level 1 in Evocations
 15601 | Lair:4   | Received a gift from Trog
 15766 | Lair:4   | Found a staircase to the Swamp.
 15896 | Lair:4   | Reached skill level 10 in Armour
 16265 | Lair:4   | Reached ****** piety under Trog
 16265 | Lair:4   | Reached skill level 5 in Maces & Flails
 16301 | Lair:4   | Found a frozen archway.
 16305 | Lair:4   | Noticed an ice dragon
 16362 | Lair:4   | Killed an ice dragon
 16676 | Lair:4   | Received a gift from Trog
 17112 | Lair:5   | Reached skill level 10 in Shields
 17370 | Lair:5   | Got a crude sapphire amulet
 17372 | Lair:5   | Identified the amulet of Fobbegos {rC+ rN+ Regen+ Int+2
                  | Dex-2} (You acquired it on level 5 of the Lair of Beasts)
 17431 | Lair:5   | Noticed an entropy weaver
 17458 | Lair:5   | Killed an entropy weaver
 17458 | Lair:5   | Noticed an entropy weaver
 17471 | Lair:5   | Killed an entropy weaver
 17594 | Lair:5   | Reached XP level 14. HP: 127/127 MP: 15/15
 18018 | Lair:6   | Entered Level 6 of the Lair of Beasts
 18567 | Lair:6   | Received a gift from Trog
 18600 | Lair:6   | Paralysed by a hornet for 3 turns
 18606 | Lair:6   | Paralysed by a hornet for 2 turns
 19316 | Lair:6   | Found a viscous altar of Jiyva.
 19316 | Lair:6   | Found a staircase to the Slime Pits.
 19330 | Lair:6   | Reached skill level 5 in Throwing
 20397 | D:12     | Reached skill level 10 in Maces & Flails
 20447 | D:12     | Found Yjybb's Book Shop.
 20459 | D:12     | Received a gift from Trog
 20587 | D:12     | Found Lumoul's Armour Emporium.
 20622 | D:12     | Found a staircase to the Orcish Mines.
 20672 | D:12     | Bought a scarf of repulsion for 168 gold pieces
 20672 | D:12     | Found Emurr's Food Emporium.
 20724 | D:12     | Reached XP level 15. HP: 137/137 MP: 16/16
 20894 | D:12     | Found a runed gate.
 20894 | D:12     | Found a runed gate.
 20894 | D:12     | Found a runed gate.
 21047 | D:12     | Found Caxuq's Book Shop.
 21246 | D:12     | Noticed Snorg
 21276 | D:12     | HP: 4/137 [Snorg (4)]
 21276 | D:12     | Demolished by Snorg

Skill      XL: |  1  2  3  4  5  6  7  8  9 10 11 12 13 14 |
---------------+-------------------------------------------+-----
Axes           | 3 4 5 6 8 10 12 14 16 17 | 17.8
Fighting       | 4 5 6 7 8 10 11 12 13 | 13.8
Armour         | 4 5 6 7 8 9 11 12 | 12.1
Shields        | 4 5 6 7 8 9 10 11 | 11.5
Slings         | 1 |  1.3
Throwing       | 1 2 3 4 5 |  5.0
Maces & Flails | 4 7 10 | 10.5
Evocations     | 1 2 |  2.0

Action                   |  1- 3 |  4- 6 |  7- 9 | 10-12 | 13-15 || total
-------------------------+-------+-------+-------+-------+-------++-------
Melee: War axe           |   145 |   169 |   336 |   547 |   303 ||  1500
       Flail             |       |       |       |    12 |   652 ||   664
       Broad axe         |       |       |       |       |    14 ||    14
 Fire: Hunting sling     |       |     7 |     5 |       |     6 ||    18
Throw: Javelin           |       |       |    26 |    31 |     3 ||    60
       Tomahawk          |       |       |       |    11 |    63 ||    74
Invok: Berserk           |       |     1 |     2 |     9 |    11 ||    23
       Trog's Hand       |       |       |       |     1 |     5 ||     6
       Brothers in Arms  |       |       |       |       |     1 ||     1
 Abil: Evoke Berserk Rag |       |     1 |       |       |     4 ||     5
Evoke: Wand              |       |       |       |     4 |     4 ||     8
  Use: Scroll            |     8 |     4 |     7 |    12 |    14 ||    45
       Potion            |     2 |     1 |       |     1 |    11 ||    15
 Stab: Paralysed         |       |       |       |     2 |       ||     2
  Eat: Chunk             |     2 |     7 |     4 |    11 |    21 ||    45
       Ration            |       |     1 |     4 |     5 |     5 ||    15
Armor: Scale mail        |    48 |       |       |       |       ||    48
       Chain mail        |     9 |    71 |    50 |       |       ||   130
       Plate armour      |       |       |   107 |   257 |   640 ||  1004
Dodge: Dodged            |    39 |    35 |    57 |    95 |   246 ||   472
Block: Shield            |    53 |    73 |   149 |   268 |   624 ||  1167
